 Dungeon Crawl Stone Soup version 0.25-a0-566-g062765be81 (webtiles) character file.

Game seed: 6337814364373662077, levelgen mode: deterministic

166 kae the Sneak (level 5, 0/35 HPs)
             Began as a Vampire Enchanter on Feb 28, 2020.
             Killed by divine providence
             ... invoked by an orc priest
              (11 damage)
             ... on level 3 of the Dungeon.
             The game lasted 00:03:26 (2105 turns).

kae the Sneak (Vampire Enchanter)                   Turns: 2105, Time: 00:03:26

Health: 0/35       AC:  3    Str:  7    XL:     5   Next: 22%
Magic:  9/9        EV: 13    Int: 18    God:
Gold:   79         SH:  0    Dex: 15    Spells: 6/9 levels left

rFire    + . .     SeeInvis +   a - +2 dagger
rCold    . . .     Gourm    .   (no shield)
rNeg     . . .     Faith    .   b - +1 robe
rPois    .         Spirit   .   (no helmet)
rElec    .         Reflect  .   (no cloak)
rCorr    .         Harm     .   (no gloves)
MR       .....                  (no boots)
Stlth    +.........             (no amulet)
HPRegen  0.31/turn              e - ring of protection from fire
MPRegen  0.11/turn              (no ring)

@: confused, mighty, regenerating quickly
A: no food, fangs 3, see invisible, unbreathing
a: Exsanguinate


You were on level 3 of the Dungeon.
You were alive.

You visited 1 branch of the dungeon, and saw 3 of its levels.

You collected 79 gold pieces.

Inventory:

Hand Weapons
 a - a +2 dagger (weapon)
Armour
 b - a +1 robe (worn)
Jewellery
 e - a ring of protection from fire (left hand)
Potions
 d - a potion of brilliance
 f - a potion of might
 i - a potion of lignification {unknown}
 k - a potion of haste {unknown}


   Skills:
 * Level 3.6 Short Blades
 - Level 2.1 Dodging
 + Level 5.6 Stealth
 + Level 2.7 Spellcasting
 + Level 5.5 Hexes


You had 6 spell levels left.
You knew the following spells:

 Your Spells              Type           Power        Failure   Level  Hunger
a - Corona                Hex            ###....      1%          1    N/A
b - Ensorcelled Hibernat  Hex/Ice        ##....       9%          2    N/A

Your spell library contained the following spells:

 Spells                   Type           Power        Failure   Level  Hunger
 Slow                     Hex            ###.....     2%          2    N/A
 Confusing Touch          Hex            ###.....     4%          3    N/A
 Tukima's Dance           Hex            ###.....     4%          3    N/A
 Dazzling Flash           Conj/Hex       ##....       16%         3    N/A
 Magic Dart               Conj           #...         17%         1    N/A
 Blink                    Tloc           N/A          26%         2    N/A
 Call Imp                 Summ           #.......     26%         2    N/A
 Conjure Flame            Conj/Fire      #.......     45%         3    N/A
 Mephitic Cloud           Conj/Pois/Air  #.......     45%         3    N/A

Dungeon Overview and Level Annotations

Branches:
Dungeon (3/15)

Altars:
Ashenzari
Hepliaklqana
Trog
Zin


Innate Abilities, Weirdness & Mutations

You do not eat.
Your natural rate of healing is unusually fast.
You have razor-sharp teeth.
You have supernaturally acute eyesight. (SInv)
You can survive without breathing.


Message History

It was a potion of curing.
You feel better. The orc misses you.
The orc priest calls down the wrath of Beogh upon you.
Pain shoots through your body!
* * * LOW HITPOINT WARNING * * *
The orc closely misses you.
You feel better. The orc misses you.
The orc priest invokes the aid of Beogh against you.
Beogh smites you!
* * * LOW HITPOINT WARNING * * *
The orc barely misses you.
The orc throws a boomerang.
The boomerang misses you.
The weapon returns to the orc!
It was a potion of might.
You feel very mighty all of a sudden. The orc closely misses you.
It was a potion of ambrosia.
You are confused.
You feel invigorated. The orc misses you.
The orc priest invokes the aid of Beogh against you.
Beogh smites you!
You die...

#..######†.....#**,,,,,,***,* #
#.##†..)†..........,#.,,**,,* #
###.##.##########.......*,**,**
###...##.# **,..,,,.....#*,*,,*
.<.......####..#****.#...,,,*,**
..............#* *#...#**,,,,*
.#.####...##### *...#* *,*,,*
...# ###.#########..### *,>,,*
.### ##.........@oSo...#****,,*
.# ###..######...o.###...$,,,,**
## #...## #...#.### **,,.,,,,,*
#.### #(###.# ***,,****,,* #.#
#.#*..#***,,,** **,* ####.#
##.##.#.,,,,*** ****,** .....#
#..#..,.***** *,,,,,, .#####
##.####*## *,,,,,, ##### ##..#
*,,,,,,


You could see an orc priest, an adder and 2 orcs.

Vanquished Creatures
  An orc wizard (D:3)
  A worker ant (D:2)
  4 adders
  An ooze (D:1)
  4 worms
  4 dart slugs
  3 leopard geckos
  4 orcs (D:3)
  3 bats
  3 giant cockroaches
  4 goblins
  8 hobgoblins
  4 kobolds
  A quokka (D:2)
  6 frilled lizards
  4 rats
55 creatures vanquished.

Notes
Turn   | Place    | Note
-------+----------+-------------------------------------------
     0 | D:1      | kae the Vampire Enchanter began the quest for the Orb.
     0 | D:1      | Reached XP level 1. HP: 13/13 MP: 3/3
   295 | D:1      | Reached XP level 2. HP: 13/19 MP: 5/5
   321 | D:1      | Learned a level 2 spell: Ensorcelled Hibernation
   947 | D:2      | Reached XP level 3. HP: 24/24 MP: 0/6
  1132 | D:2      | Reached skill level 5 in Stealth
  1132 | D:2      | Reached skill level 5 in Hexes
  1198 | D:2      | Found a hazy altar of Hepliaklqana.
  1251 | D:2      | Found a bloodstained altar of Trog.
  1253 | D:2      | Found a glowing silver altar of Zin.
  1355 | D:2      | Found a shattered altar of Ashenzari.
  1489 | D:2      | Reached XP level 4. HP: 25/30 MP: 0/7
  1980 | D:3      | Reached XP level 5. HP: 35/35 MP: 3/9
  2105 | D:3      | Killed from afar by an orc priest

Levels and vault maps discovered:
D:1:      roderic_crossed_star, layout_basic
D:2:      layout_basic, nicolae_overflow_hidden_temple,
          nicolae_ashenzari_panopticon
D:3:      layout_rooms, overflow_temple_1_default, ebering_ghost_reflecting_pool

Skill      XL: |  1  2  3 |
---------------+----------+-----
Short Blades   | 2 3 |  3.6
Stealth        | 5 |  5.6
Hexes          | 5 |  5.5
Dodging        | |  2.1
Spellcasting   | |  2.7

Action                   |  1- 3 |  4- 6 || total
-------------------------+-------+-------++-------
Melee: Dagger            |   122 |    59 ||   181
       Bite              |    12 |     6 ||    18
 Cast: Corona            |     1 |     1 ||     2
       Ensorcelled Hiber |    18 |    11 ||    29
  Use: Scroll            |     2 |     3 ||     5
       Potion            |       |     4 ||     4
 Stab: Sleeping          |    17 |     8 ||    25
Armor: Robe              |    10 |     3 ||    13
Dodge: Dodged            |    65 |    50 ||   115

Table legend:
 A = Non-vault XP
 B = Vault XP
 C = Vault XP percentage of total XP
 D = Non-vault monster count
 E = Vault monster count
 F = Vault count percentage of total count
                 A         B        C        D         E       F
            +---------+---------+-------+---------+---------+-------
      Total |     238 |       0 |   0.0 |      55 |       0 |   0.0
            +---------+---------+-------+---------+---------+-------
        D:1 |      33 |       0 |   0.0 |      15 |       0 |   0.0
        D:2 |     119 |       0 |   0.0 |      24 |       0 |   0.0
        D:3 |      86 |       0 |   0.0 |      16 |       0 |   0.0
            +---------+---------+-------+---------+---------+-------
